 Dungeon Crawl Stone Soup version 0.27-a0-216-g1fbed8a51c (webtiles) character file.

Game seed: 14824485862223389390

28 knot the Chopper (level 2, -3/24 HPs)
             Began as a Demonspawn Berserker on Feb 1, 2021.
             Was a Follower of Trog.
             Slain by an ice beast (5 damage)
             ... on level 1 of the Dungeon.
             The game lasted 00:01:53 (1415 turns).

knot the Chopper (Demonspawn Berserker)             Turns: 1415, Time: 00:01:54

Health: -3/24      AC:  5    Str: 17    XL:     2   Next: 96%
Magic:  2/2        EV: 11    Int:  8    God:    Trog [*.....]
Gold:   81         SH:  0    Dex: 12    Spells: 1/1 levels left

rFire    . . .     SeeInvis .   a - +0 hand axe
rCold    . . .     Faith    .   (no shield)
rNeg     . . .     Spirit   .   j - +0 ring mail
rPois    .         Reflect  .   (no helmet)
rElec    .         Harm     .   (no cloak)
rCorr    .         Rampage  .   (no gloves)
Will     .....                  (no boots)
Stlth    +.........             (no amulet)
HPRegen  0.08/turn              (no ring)
MPRegen  0.08/turn              (no ring)

@: no status effects
A: sturdy frame 1
a: Renounce Religion, Berserk


You were on level 1 of the Dungeon.
You worshipped Trog.
Trog was aware of your devotion.
You visited 1 branch of the dungeon, and saw 2 of its levels.

You collected 81 gold pieces.

Inventory:

Hand Weapons
 a - a +0 hand axe (weapon)
Missiles
 f - 13 sling bullets
 h - 24 stones
Armour
 j - a +0 ring mail (worn)
Scrolls
 b - a scroll of fog {unknown}
 c - a scroll of remove curse {unknown}
 d - 2 scrolls of identify {unknown}
 e - a scroll of amnesia {unknown}
 g - a scroll of blinking {unknown}
Potions
 i - a potion of flight {unknown}


   Skills:
 - Level 3.0 Fighting
 + Level 3.8 Axes
 - Level 1.7 Armour
 - Level 1.7 Dodging


You had one spell level left.
You didn't know any spells.
Your spell library was empty.

Dungeon Overview and Level Annotations

Branches:
Dungeon (2/15)

Altars:


Innate Abilities, Weirdness & Mutations

Your movements are slightly less encumbered by armour. (ER -2)


Message History

Done waiting.
You climb downwards.
The ice beast hits you. The ice beast freezes you!
The ice beast closely misses you.
There is a stone staircase leading up here.
Unknown command.
Unknown command.
The ice beast hits you. The ice beast freezes you!
* * * LOW HITPOINT WARNING * * *
You climb upwards.
There is a stone staircase leading down here.
The ice beast barely misses you.
There is an open door here.
There is an open door here.
There is an open door here.
You see here a +0 club.
There is an open door here.
The ice beast hits you.
* * * LOW HITPOINT WARNING * * *
The ice beast freezes you.
You die...

#........########.###......######
###>.............................
#########.......#..............
#.........####......######
#.........'..+......+.....
#.........####......######
#.........# ######## #.........#
###### #........@###### #.....
#.........Y....# #.....
#.........####.# #.....
#.........# #.# #.....
#.........# #)# #.....
#.......### #.# #.....
#.......######'## #.....
#...............# #.....
#...............#####.....


You could see an ice beast.

Vanquished Creatures
  3 dart slugs (D:1)
  A leopard gecko (D:2)
  A giant cockroach (D:1)
  A goblin (D:2)
  A hobgoblin (D:1)
  3 kobolds (D:1)
  3 bats
  8 frilled lizards (D:1)
  3 rats
24 creatures vanquished.

Notes
Turn   | Place    | Note
-------+----------+-------------------------------------------
     0 | D:1      | knot the Demonspawn Berserker began the quest for the Orb.
     0 | D:1      | Reached XP level 1. HP: 18/18 MP: 1/1
   200 | D:1      | Gained mutation: Your movements are slightly less
                  | encumbered by armour. (ER -2) [demonic ancestry]
   200 | D:1      | Reached XP level 2. HP: 24/24 MP: 2/2
  1026 | D:2      | Noticed an ice beast
  1377 | D:2      | HP: 1/24 [ice beast (7)]
  1415 | D:1      | Slain by an ice beast

Illustrated notes

Levels and vault maps discovered:
D:1:      mrwooster_arrival_statue, layout_basic, minmay_lizard_pond
D:2:      layout_basic, serial_glass, glass_columns_c, glass_columns_a,
          trog_butcher_becter

Skill      XL: |  1 |
---------------+----+-----
Axes           | 3 |  3.8
Fighting       | |  3.0
Armour         | |  1.7
Dodging        | |  1.7

Action                   || total
-------------------------++-------
Melee: Hand axe          ||    76
Invok: Berserk           ||     2
Armor: Animal skin       ||    18
       Ring mail         ||     4
Dodge: Dodged            ||    52

Table legend: (Time is in decaauts)
 A = Elapsed time spent in this place.
 B = Non-inter-level travel time spent in this place.
 C = Inter-level travel time spent in this place.
 D = Time resting spent in this place.
 E = Time spent auto-exploring this place.
 F = Levels seen in this place.
 G = Mean time per level.
                   A        B        C        D        E       F      G
               +--------+--------+--------+--------+--------+-----+--------+
         Total |   1446 |   1389 |     57 |    638 |    519 |   2 |  723.0 |
       Dungeon |   1446 |   1389 |     57 |    638 |    519 |   2 |  723.0 |
               +--------+--------+--------+--------+--------+-----+--------+

Top non-repeatable levels by time:
     D:1: 1370 daAuts
     D:2: 75 daAuts
